 Dungeon Crawl Stone Soup version 0.19-b1-3-g7dea586 (webtiles) character file.

2830 lorenzova the Fighter (level 9, -9/85 HPs)
             Began as a Minotaur Fighter on Oct 30, 2016.
             Was a Follower of Ashenzari.
             Shot with a bolt by an orc warrior (20 damage)
             ... in a bailey.
             The game lasted 00:13:42 (6933 turns).

lorenzova the Fighter (Minotaur Fighter)            Turns: 6933, Time: 00:13:44

Health: -9/85      AC: 17    Str: 27    XL:     9   Next: 45%
Magic:  8/8        EV:  6    Int:  8    God:    Ashenzari [*.....]
Gold:   281        SH: 12    Dex: 10    Spells: 0 memorised, 8 levels left

rFire  + . .     SeeInvis +     E - +3 morningstar
rCold  . . .     Gourm    .     G - +0 plate armour of Goat {rF+ SInv Stlth-} (curse)
rNeg   . . .     Faith    .     c - +0 shield
rPois  .         Spirit   .     q - +0 hat {Int+3}
rElec  .         Reflect  .     (no cloak)
rCorr  .         Harm     .     w - +2 pair of gloves {Str+3} (curse)
MR     .....                    (no boots)
Stlth  ..........               x - amulet of rage
                                (no ring)
                                (no ring)

@: very slightly contaminated
A: retaliatory headbutt, horns 2
a: Curse Item, Scrying, Renounce Religion, Evoke Berserk Rage


You were in a bailey.
You worshipped Ashenzari.
Ashenzari was aware of your devotion.
You were hungry.

You visited 2 branches of the dungeon, and saw 8 of its levels.
You also visited: Sewer and Bailey.

You collected 281 gold pieces.

Inventory:

Hand Weapons
 a - a +0 war axe
 E - a +3 morningstar (weapon)
Armour
 c - a +0 shield (worn)
 q - a +0 hat of intelligence (worn)
 t - a +0 plate armour
 w - a cursed +2 pair of gloves of strength (worn)
 G - the cursed +0 plate armour of Goat (worn) {rF+ SInv Stlth-}
   (You found it on level 6 of the Dungeon)

   It protects you from fire.
   It lets you see invisible.
   It makes you less stealthy.
   It has a curse placed upon it.
Jewellery
 l - a +2 amulet of reflection
 x - an amulet of rage (around neck)
Scrolls
 b - a scroll of identify
 e - a scroll of immolation
 h - 8 scrolls of teleportation
 i - 3 scrolls of amnesia
 k - a scroll of remove curse
 n - 2 scrolls of fear
 s - a scroll of recharging
 H - a scroll of fog {unknown}
Potions
 d - 3 potions of might
 j - a potion of cancellation {unknown}
 m - a potion of cure mutation
 o - 3 potions of degeneration
 r - a potion of lignification {unknown}
 u - a potion of invisibility
 z - a potion of flight
 A - a potion of brilliance
 B - a potion of heal wounds
 C - 2 potions of agility {unknown}
 D - 2 potions of curing {unknown}
 F - a potion of magic {unknown}
Books
 y - a book of Debilitation

   Spells                             Type                      Level
   a - Corona                         Hexes                        1
   b - Slow                           Hexes                        2
   c - Gell's Gravitas                Hexes/Translocation          3
   d - Inner Flame                    Hexes/Fire                   3
   e - Cause Fear                     Hexes                        4
   f - Leda's Liquefaction            Hexes/Earth                  4
Comestibles
 f - 3 bread rations
 v - 2 fruits
 I - a slice of pizza
 K - a meat ration


   Skills:
 + Level 10.2 Fighting
 - Level 6.8 Axes
 + Level 8.3 Armour
 + Level 8.4 Shields


You had 8 spell levels left.
You didn't know any spells.

Dungeon Overview and Level Annotations

Branches:
Dungeon (7/15)             Temple (1/1) D:4

Altars:
Ashenzari
Cheibriados
Dithmenos
Elyvilon
Gozag
Hepliaklqana
Kikubaaqudgha
Makhleb
Nemelex Xobeh
Okawaru
Qazlal
Ru
Sif Muna
Vehumet
Xom
Yredelemnul
Zin
The Shining One

Annotations:
D:5 Prince Ribbit


Innate Abilities, Weirdness & Mutations

You reflexively headbutt those who attack you in melee.
You have a pair of horns on your head.


Message History

You hit the orc warrior but do no damage.
You hit the orc warrior.
The orc warrior is lightly wounded.
The orc warrior unwields an uncursed arbalest.
You block the orc warrior's attack.
Your plate armour of Goat prevents you from hitting the orc warrior.
The orc warrior is lightly wounded.
The orc warrior hits you but does no damage.
The orc warrior hits you!
* * * LOW HITPOINT WARNING * * *
You see here a bolt.
The orc shoots a bolt.
You block the bolt.
Items here: ( ) [ † an uncursed arbalest; 13 bolts; a +0 scale mail; an orc corpse The orc warrior wields an uncursed arbalest.
The orc warrior shoots a bolt.
The bolt hits you!
* * * LOW HITPOINT WARNING * * *
You see here a bolt.
The orc warrior shoots a bolt.
The bolt hits you!!
You die...

#......≈≈≈≈≈≈≈≈≈≈≈
#......≈≈≈≈≈≈
#......≈≈≈≈≈≈
#......≈≈≈≈≈≈
#......≈≈≈≈≈≈
#...(o.o≈≈≈≈≈
#..)...≈≈≈≈≈≈
#.(....≈≈≈≈≈≈
#@(....≈≈≈≈≈≈
#(.....≈≈≈≈≈≈
#......≈≈≈≈≈≈
#......≈≈≈≈≈≈
#......≈≈≈≈≈
#......≈≈#.
#......≈##
#......≈..
#......≈##


You could see an orc warrior and an orc.

Vanquished Creatures
  The ghost of zahlanzi the Destroyer, a novice DECj of Vehumet (D:6)
  Grinder (D:6)
  Sigmund (D:5)
  The ghost of lorenzova the Sneak, an amateur SpEn (D:4)
  3 orc warriors
  2 sky beasts (D:5)
  A necrophage (D:6)
  2 bullfrogs (D:7)
  2 scorpions (D:5)
  5 killer bees
  5 wights (D:6)
  A bullfrog zombie (D:7)
  A crimson imp (D:5)
  5 orc priests
  2 hounds
  A centaur skeleton (D:4)
  4 orc wizards (D:6)
  A bullfrog skeleton (D:4)
  4 worker ants
  An iguana (D:7)
  A hound zombie (D:5)
  Robin (D:2)
  A gnoll (D:4)
  7 adders
  A river rat (D:3)
  8 oozes
  An adder skeleton (D:4)
  6 worms
  7 leopard geckos
  16 orcs
  7 giant cockroaches
  15 goblins
  8 hobgoblins
  8 jackals
  5 kobolds
  4 quokkas
  5 ball pythons
  10 bats
  9 frilled lizards
  A giant cockroach zombie (D:5)
  A jackal skeleton (D:4)
  A quokka skeleton (D:5)
  9 rats
176 creatures vanquished.

Vanquished Creatures (others)
  An orc warrior (Bailey)
  An orc (Bailey)
2 creatures vanquished.

Grand Total: 178 creatures vanquished

Notes
Turn   | Place    | Note
-------+----------+-------------------------------------------
     0 | D:1      | lorenzova the Minotaur Fighter began the quest for the Orb.
     0 | D:1      | Reached XP level 1. HP: 19/19 MP: 0/0
   338 | D:1      | Reached XP level 2. HP: 27/27 MP: 1/1
   803 | D:2      | Noticed Robin
   808 | D:2      | Reached skill level 4 in Fighting
   818 | D:2      | Reached XP level 3. HP: 31/33 MP: 2/2
   821 | D:2      | Killed Robin
  1353 | D:2      | Reached XP level 4. HP: 40/41 MP: 3/3
  1747 | D:3      | Reached skill level 5 in Fighting
  1755 | D:3      | Found a glowing drain.
  1809 | Sewer    | Entered a sewer
  1817 | Sewer    | Reached XP level 5. HP: 37/48 MP: 4/4
  2192 | Sewer    | Reached skill level 5 in Axes
  3471 | D:4      | Noticed lorenzova's ghost (amateur SpEn)
  3528 | D:4      | Killed lorenzova's ghost
  3528 | D:4      | Reached skill level 6 in Fighting
  3528 | D:4      | Reached XP level 6. HP: 43/57 MP: 5/5
  3939 | D:4      | Found a staircase to the Ecumenical Temple.
  3951 | Temple   | Entered the Ecumenical Temple
  4154 | Temple   | Became a worshipper of Ashenzari the Shackled
  4206 | D:4      | Found a basalt altar of Yredelemnul.
  4677 | D:5      | Entered Level 5 of the Dungeon
  4708 | D:5      | Reached skill level 7 in Fighting
  4708 | D:5      | Reached XP level 7. HP: 66/66 MP: 6/6
  4843 | D:5      | Found a burning altar of Makhleb.
  4997 | D:5      | Noticed Prince Ribbit
  5056 | D:5      | Noticed Sigmund
  5077 | D:5      | Killed Sigmund
  5077 | D:5      | Reached skill level 5 in Armour
  5077 | D:5      | Reached skill level 5 in Shields
  5535 | D:5      | Reached skill level 8 in Fighting
  5535 | D:5      | Reached XP level 8. HP: 74/74 MP: 7/7
  5866 | D:6      | Noticed zahlanzi's ghost (novice DECj)
  5874 | D:6      | Killed zahlanzi's ghost
  5874 | D:6      | Reached skill level 9 in Fighting
  5878 | D:6      | Noticed Grinder
  5889 | D:6      | Killed Grinder
  5893 | D:6      | Got the cursed plate armour of Goat {rF+ SInv Stlth-}
  5904 | D:6      | Identified the cursed +0 plate armour of Goat {rF+ SInv Stlth-} (You found it on level 6 of the Dungeon)
  6140 | D:6      | Reached XP level 9. HP: 84/84 MP: 8/8
  6276 | D:6      | Reached * piety under Ashenzari
  6620 | D:7      | Reached skill level 10 in Fighting
  6637 | D:7      | Found a flagged portal.
  6645 | Bailey   | Entered a bailey
  6933 | Bailey   | Shot with a bolt by an orc warrior

Skill      XL: |  1  2  3  4  5  6  7  8  9 |
---------------+----------------------------+-----
Axes           | 3 4 5 6 |  6.8
Fighting       | 4 5 6 7 8 9 10 | 10.2
Armour         | 5 7 8 |  8.3
Shields        | 5 7 8 |  8.4

Action                   |  1- 3 |  4- 6 |  7- 9 || total
-------------------------+-------+-------+-------++-------
Melee: War axe           |    86 |   252 |   127 ||   465
       Headbutt          |     7 |    25 |    40 ||    72
       Morningstar       |       |       |   111 ||   111
Invok: Curse Item        |       |     1 |       ||     1
  Use: Potion            |       |     9 |     1 ||    10
       Scroll            |       |     7 |     2 ||     9
  Eat: Chunk             |       |     6 |     4 ||    10
       Pizza             |       |     1 |       ||     1
       Meat ration       |       |     1 |       ||     1
       Fruit             |       |       |     3 ||     3
       Beef jerky        |       |       |     1 ||     1
Armor: Scale mail        |    38 |    68 |       ||   106
       Plate armour      |       |    90 |   150 ||   240
Dodge: Dodged            |    23 |    60 |    56 ||   139
Block: Shield            |    45 |   137 |   170 ||   352
